 Dungeon Crawl Stone Soup version 0.26-a0-651-gb41185065b (webtiles) character file.

Game seed: 633293390591712263

967 Ozzies the Conjurer (level 7, -9/36 HPs)
             Began as a Deep Elf Conjurer on Oct 5, 2020.
             Mangled by a bog mummy (15 damage)
             ... in an ossuary.
             The game lasted 00:11:16 (4460 turns).

Ozzies the Conjurer (Deep Elf Conjurer)             Turns: 4460, Time: 00:11:17

Health: -9/36      AC:  5    Str:  5    XL:     7   Next: 93%
Magic:  0/19       EV: 12    Int: 24    God:
Gold:   186        SH:  6    Dex: 13    Spells: 12/19 levels left

rFire    + . .     SeeInvis .   o - staff of earth
rCold    + + .     Faith    .   t - +1 buckler {rC+ rF+}
rNeg     + . .     Spirit   .   r - -1 leather armour (curse)
rPois    .         Reflect  .   q - +0 helmet (curse)
rElec    .         Harm     .   (no cloak)
rCorr    .         Rampage  .   b - +1 pair of gloves
MR       .....                  (no boots)
Stlth    ++........             (no amulet)
HPRegen  0.12/turn              h - ring of positive energy
MPRegen  0.16/turn              n - ring of protection from cold

@: no status effects
A: no striking features
a: no special abilities


You were in an ossuary.
You visited 2 branches of the dungeon, and saw 6 of its levels.
You also visited: Ossuary.

You collected 186 gold pieces.

Inventory:

Hand Weapons
 x - a +2 dagger of draining
Missiles
 d - 178 stones (quivered)
Armour
 a - a +0 robe
 b - a +1 pair of gloves (worn)
 q - a cursed +0 helmet (worn)
 r - a cursed -1 leather armour (worn)
 t - a +1 buckler of resistance (worn)
 y - a +0 leather armour of poison resistance
Magical Staves
 o - an uncursed staff of earth (weapon)
Jewellery
 h - a ring of positive energy (left hand)
 n - a ring of protection from cold (right hand)
Wands
 s - a wand of enslavement (7)
Scrolls
 e - 2 scrolls of teleportation
 g - a scroll of random uselessness {unknown}
 i - a scroll of amnesia {unknown}
 k - 3 scrolls of fog
 l - 2 scrolls of enchant armour
 v - 2 scrolls of noise {unknown}
Potions
 c - a potion of degeneration {unknown}
 f - a potion of lignification {unknown}
 j - 2 potions of stabbing {unknown}
 m - 4 potions of curing {unknown}
 p - 2 potions of flight {unknown}
 u - a potion of might {unknown}
 w - a potion of ambrosia {unknown}


   Skills:
 - Level 3.0 Dodging
 - Level 3.0 Stealth
 - Level 4.0 Shields
 + Level 6.8 Spellcasting
 + Level 7.5 Conjurations


You had 12 spell levels left.
You knew the following spells:

 Your Spells              Type           Power        Failure   Level
a - Magic Dart            Conj           ####         1%          1
b - Searing Ray           Conj           #####.       1%          2
c - Iskenderun's Mystic   Conj/Tloc      ####....     26%         4

Your spell library contained the following spells:

 Spells                   Type           Power        Failure   Level
 Conjure Flame            Conj/Fire      ####....     8%          3
 Dazzling Flash           Conj/Hex       ####..       8%          3
 Mephitic Cloud           Conj/Pois/Air  ###.....     13%         3
 Blink                    Tloc           N/A          19%         2
 Call Imp                 Summ           #.......     19%         2
 Slow                     Hex            #.......     19%         2
 Fulminant Prism          Conj/Hex       ####......   26%         4


Dungeon Overview and Level Annotations

Branches:
Dungeon (5/15)             Temple (1/1) D:4         Ossuary (1/1)

Altars:
Ashenzari
Cheibriados
Elyvilon
Gozag
Hepliaklqana
Kikubaaqudgha
Makhleb
Nemelex Xobeh
Okawaru
Qazlal
Ru
Sif Muna
Trog
Uskayaw
Wu Jian
Xom
Yredelemnul


Message History

The mummy is heavily damaged.
The worker ant zombie bites you but does no damage.
The searing ray hits the worker ant zombie!
You destroy the worker ant zombie!
The searing ray hits the leopard gecko zombie!
You destroy the leopard gecko zombie!
The searing ray hits the mummy.
The mummy is severely damaged.
A bog mummy comes into view.
The searing ray hits the mummy!
You destroy the mummy!
You finish channeling your searing ray.
Casting: Searing Ray (safe; 1% risk of failure)
Confirm with . or Enter, or press ? or * to list all spells.
Press: ? - help, Shift-Dir - straight line, f - mummy
Aim: a mummy The searing ray hits the mummy!
The mummy is severely damaged.
The searing ray hits the mummy!
The mummy is almost destroyed. (Press . to maintain the ray.)
The searing ray hits the mummy.
You destroy the mummy!
The searing ray hits the mummy!
You destroy the mummy!
A mummy comes into view.
Without enough magic to sustain it, your searing ray dissipates.
A bog mummy comes into view.
A worker ant zombie comes into view.
There's nothing to close nearby.
A bog mummy comes into view.
The bog mummy gestures at you while chanting.
The puff of frost misses you.
A mummy comes into view.
You close the door.
A bog mummy opens the door.
You close the door.
There's nothing to close nearby.
There's nothing to close nearby.
There's nothing to close nearby.
There's nothing to close nearby.
You start resting.
You close the door.
A mummy opens the door.
There's a creature in the doorway!
Casting: Searing Ray (safe; 1% risk of failure)
Confirm with . or Enter, or press ? or * to list all spells.
Press: ? - help, Shift-Dir - straight line, f - mummy
Aim: a mummy The searing ray hits the bog mummy!
The bog mummy is heavily damaged.
The searing ray hits the bog mummy!
The bog mummy is heavily damaged.
The searing ray hits the mummy!
The mummy is severely damaged. (Press . to maintain the ray.) Without enough magic to sustain it, your searing ray dissipates.
You block the bog mummy's attack.
Unknown command.
You barely miss the bog mummy.
The bog mummy is heavily damaged.
You hit the bog mummy but do no damage.
The bog mummy is heavily damaged.
You barely miss the bog mummy.
The bog mummy is heavily damaged.
Casting: Searing Ray (safe; 1% risk of failure)
Confirm with . or Enter, or press ? or * to list all spells.
You don't have enough magic to cast that spell.
You hit the bog mummy but do no damage.
The bog mummy is heavily damaged.
The bog mummy casts a spell at you.
You easily resist.
The bog mummy hits you!
You barely miss the bog mummy.
The bog mummy is heavily damaged.
The bog mummy hits you but does no damage.
The bog mummy hits you.
There is a gate leading back out of this place here.
You hit the bog mummy.
The bog mummy is heavily damaged.
The bog mummy barely misses you.
Casting: Searing Ray (safe; 1% risk of failure)
Confirm with . or Enter, or press ? or * to list all spells.
Press: ? - help, Shift-Dir - straight line, f - mummy, p - mummy
Aim: a mummy The searing ray hits the bog mummy!
The bog mummy is almost destroyed.
The searing ray hits the worker ant zombie!
The worker ant zombie is heavily damaged.
The searing ray hits the mummy!
The mummy is heavily damaged. (Press . to maintain the ray.)
The bog mummy hits you!
Without enough magic to sustain it, your searing ray dissipates.
The bog mummy closely misses you. The bog mummy hits you!
* * * LOW HITPOINT WARNING * * *
You block the mummy's attack. The bog mummy barely misses you.
You block the bog mummy's attack. You block the mummy's attack.
Unknown command.
The bog mummy hits you!
You die...

### #####
#.'.#..M#
#.'MMM#
#..≈#ZM@#
≈≈≈≈≈≈#####
#≈#.. ≈#≈≈≈
##. ≈≈


You could see 2 mummies, 3 bog mummies and a worker ant zombie.

Vanquished Creatures
  An ice beast (D:5)
  A centaur (D:5)
  A bullfrog zombie (D:2)
  3 hounds
  A centaur skeleton (D:4)
  4 orc priests (D:4)
  Terence (D:2)
  7 orc wizards (D:4)
  6 mummies
  A hound skeleton (D:5)
  A worker ant zombie (Ossuary)
  A gnoll (D:5)
  9 adders
  2 oozes
  An adder skeleton (D:4)
  2 worms
  A dart slug (D:2)
  3 leopard geckos
  23 orcs
  4 bats
  5 giant cockroaches
  3 goblins (D:3)
  7 hobgoblins
  3 jackals (D:3)
  2 kobolds
  A quokka (D:5)
  A ball python (D:3)
  A frilled lizard (D:4)
  A leopard gecko zombie (Ossuary)
  3 rats
100 creatures vanquished.

Vanquished Creatures (others)
  2 withered plants (Ossuary)
2 creatures vanquished.

Grand Total: 102 creatures vanquished

Notes
Turn   | Place    | Note
-------+----------+-------------------------------------------
     0 | D:1      | Ozzies the Deep Elf Conjurer began the quest for the Orb.
     0 | D:1      | Reached XP level 1. HP: 10/10 MP: 6/6
   338 | D:1      | You fall into a shaft and drop 1 floor!
   343 | D:2      | Reached XP level 2. HP: 15/15 MP: 6/8
   507 | D:2      | Reached skill level 5 in Conjurations
   507 | D:2      | Reached XP level 3. HP: 5/19 MP: 0/10
   511 | D:2      | Learned a level 2 spell: Searing Ray
   879 | D:2      | Reached XP level 4. HP: 24/24 MP: 8/12
   890 | D:2      | Learned a level 4 spell: Iskenderun's Mystic Blast
   983 | D:2      | Noticed Terence
   989 | D:2      | Killed Terence
  1111 | D:2      | Found a shimmering altar of Xom.
  1489 | D:2      | Found a burning altar of Makhleb.
  1495 | D:2      | Reached skill level 6 in Conjurations
  1495 | D:2      | Reached XP level 5. HP: 20/28 MP: 7/14
  1748 | D:3      | Found a faded altar of an unknown god.
  1866 | D:3      | Found an ornate altar of the Wu Jian Council.
  1871 | D:3      | Reached skill level 5 in Spellcasting
  2200 | D:3      | Found a stormy altar of Qazlal.
  2410 | D:4      | Found a staircase to the Ecumenical Temple.
  2417 | D:4      | Reached skill level 1 in Shields
  2424 | Temple   | Entered the Ecumenical Temple
  2808 | D:4      | Reached XP level 6. HP: 30/32 MP: 12/15
  3634 | D:4      | Reached XP level 7. HP: 34/36 MP: 8/16
  3850 | D:4      | Found a shimmering blue altar of Sif Muna.
  4127 | D:5      | Entered Level 5 of the Dungeon
  4224 | D:5      | Reached skill level 7 in Conjurations
  4400 | D:5      | Found a sand-covered staircase.
  4406 | Ossuary  | Entered an ossuary
  4460 | Ossuary  | Mangled by a bog mummy

Illustrated notes

Levels and vault maps discovered:
D:1:      heliophobic_arrival_henge, layout_basic
D:2:      layout_loops_cross, xom_butterflies, makhleb_blood_cavern_becter,
          uniq_terence
D:3:      layout_rooms, minitemple, chequers_ecumenical_altar_island
D:4:      layout_loops_ring, minmay_temple_entry_statues_fountains,
          lemuel_blue_sif_altar
D:5:      layout_rooms, serial_shops, shop, nicolae_ossuary_entry_giza
Temple:   eino_temple_water
Ossuary:  ossuary_zaba_flooded

Skill      XL: |  1  2  3  4  5  6  7 |
---------------+----------------------+-----
Dodging        | 3 |  3.0
Stealth        | 3 |  3.0
Conjurations   | 5 6 7 |  7.5
Spellcasting   | 4 5 6 |  6.8
Shields        | 1 3 4 |  4.0

Action                   |  1- 3 |  4- 6 |  7- 9 || total
-------------------------+-------+-------+-------++-------
Melee: Unarmed           |       |     3 |       ||     3
       Staff             |       |       |     6 ||     6
 Cast: Magic Dart        |    45 |    80 |    25 ||   150
       Searing Ray       |       |    21 |    16 ||    37
  Use: Scroll            |       |     6 |       ||     6
Armor: Robe              |       |     2 |     1 ||     3
       Leather armour    |       |       |     4 ||     4
Dodge: Dodged            |     4 |    14 |    12 ||    30
Block: Buckler           |       |     2 |     9 ||    11

Table legend: (Time is in decaauts)
 A = Elapsed time spent in this place.
 B = Non-inter-level travel time spent in this place.
 C = Inter-level travel time spent in this place.
 D = Time resting spent in this place.
 E = Time spent auto-exploring this place.
 F = Levels seen in this place.
 G = Mean time per level.
                   A        B        C        D        E       F      G
               +--------+--------+--------+--------+--------+-----+--------+
         Total |   4460 |   4171 |    289 |    167 |   3428 |   7 |  637.1 |
       Dungeon |   4153 |   3881 |    272 |    164 |   3182 |   5 |  830.6 |
        Temple |    251 |    234 |     17 |      0 |    231 |   1 |  251.0 |
       Ossuary |     54 |     54 |      0 |      3 |     15 |   1 |   54.0 |
               +--------+--------+--------+--------+--------+-----+--------+

Top non-repeatable levels by time:
     D:4: 1462 daAuts
     D:2: 1346 daAuts
     D:3: 728 daAuts
     D:1: 337 daAuts
     D:5: 278 daAuts
  Temple: 251 daAuts
 Ossuary: 54 daAuts
